 Dungeon Crawl Stone Soup version 0.29.0-4-gdea44cf6ec (webtiles) character file.

Game seed: 9150974318619133655

148 qw the Chopper (level 5, -6/30 HPs)
             Began as a Tengu Warper on Aug 28, 2022.
             Succumbed to a kobold's poison
             ... on level 3 of the Dungeon.
             The game lasted 00:00:14 (2756 turns).

qw the Chopper (Tengu Warper)                       Turns: 2756, Time: 00:00:14

Health: -6/30      AC:  6    Str: 13    XL:     5   Next: 30%
Magic:  9/9        EV: 13    Int: 14    God:
Gold:   176        SH:  0    Dex: 13    Spells: 8/8 levels left

rFire   . . .      SeeInvis .   Y - +0 hand axe
rCold   . . .      Faith    .   (no shield)
rNeg    . . .      Spirit   .   d - +0 ring mail
rPois   .          Reflect  .   (helmet restricted)
rElec   .          Harm     .   (no cloak)
rCorr   .          Rampage  .   f - +0 pair of gloves
Will    .....                   (boots unavailable)
Stlth   +.........              (no amulet)
HPRegen 0.10/turn               (no ring)
MPRegen 0.11/turn               (no ring)

@: lethally poisoned (-6 -> -38), about to teleport, flying quickly and
evasively, quick
A: beak, talons 3, nimble flight
a: no special abilities


You were on level 3 of the Dungeon.
You visited 1 branch of the dungeon, and saw 3 of its levels.

You collected 176 gold pieces.


Innate Abilities, Weirdness & Mutations

You have a beak for a mouth.
You have claws for feet.
Your magical nature lets you fly swiftly and evasively.


   Skills:
 - Level 2.0 Fighting
 + Level 5.9 Axes
 - Level 1.0 Throwing
 - Level 1.1 Armour
 - Level 2.1 Dodging
 - Level 2.0 Spellcasting
 - Level 2.4 Translocations


You had 8 spell levels left.
You didn't know any spells.
Your spell library contained the following spells:

 Spells                   Type           Power      Damage    Failure   Level
 Blink                    Tloc           16%        N/A       28%         2
 Gell's Gravitas          Tloc           8%         N/A       50%         3
 Lesser Beckoning         Tloc           8%         N/A       50%         3
 Teleport Other           Tloc           8%         N/A       50%         3
 Manifold Assault         Tloc           8%         N/A       99%         5

Inventory:

Hand Weapons
 e - a +0 whip
 Y - a +0 hand axe (weapon)
Armour
 b - a +0 robe of fire resistance
 d - a +0 ring mail (worn)
 f - a +0 pair of gloves (worn)
Scrolls
 a - 5 scrolls of identify
 h - a scroll of teleportation
Potions
 c - a potion of flight {unknown}
 g - a potion of magic {unknown}
 j - a potion of attraction {unknown}
 l - a potion of lignification {unknown}
 m - a potion of cancellation {unknown}
 n - 2 potions of might {unknown}
 p - a potion of curing {unknown}

Dungeon Overview and Level Annotations

Branches:
Dungeon (3/15)

Altars:


Message History

You slash the kobold!
You kill the kobold!
The kobold shouts!
You hit the kobold but do no damage. Your peck misses the kobold.
The kobold closely misses you.
You closely miss the kobold. Your kick misses the kobold.
Your punch misses the kobold. The kobold closely misses you.
You barely miss the kobold. The kobold hits you but does no damage.
You are poisoned.
You completely miss the kobold. Your kick misses the kobold.
Your peck misses the kobold.
You feel very sick. The kobold hits you but does no damage.
You are more poisoned.
You closely miss the kobold.
You feel very sick. The kobold hits you but does no damage.
You are more poisoned.
You closely miss the kobold. Your peck misses the kobold.
You feel very sick. The kobold hits you but does no damage.
You are lethally poisoned!
You closely miss the kobold.
You feel extremely sick.
The kobold hits you with a +0 dagger of venom.
You closely miss the kobold. Your kick misses the kobold.
You feel very sick. The kobold hits you but does no damage.
You are more poisoned.
2755 ||| READING 2 scrolls of teleportation.
As you read the scroll of teleportation, it crumbles to dust.
You feel strangely unstable.
You feel very sick. The kobold hits you but does no damage.
You are more poisoned.
You hit the kobold.
You kill the kobold!
You die...

#.. ####### #..##.....#
#..##.....# #
#..##.....#
#.#..##.....# .
#...........# ... ###
#.##.#.....)##..... ..#
#.##.......@)......
#.#.#.##...............
#.#.#....#......#######
#.#......#.######
##.#.#)...#.# #..
.....#....#<# #####
#######.##..
##.#.#.##.#.# #...#
#...?...##..
.....#.##+#+####...#
#.......##..
##.#.#.........#...#
#......# #..


There were no monsters in sight!

Vanquished Creatures
  A necrophage (D:3)
  Jessica (D:3)
  2 worms (D:2)
  A dart slug (D:2)
  2 orcs (D:3)
  4 ball pythons
  8 endoplasms
  2 giant cockroaches
  6 goblins
  4 hobgoblins
  6 kobolds
  4 quokkas
  4 bats
  5 rats
50 creatures vanquished.

Notes
Turn   | Place    | Note
-------+----------+-------------------------------------------
     0 | D:1      | qw the Tengu Warper began the quest for the Orb.
     0 | D:1      | Reached XP level 1. HP: 12/12 MP: 4/4
     0 | D:1      | 0 ||| qw: Version: 0.1-a-89-g26bdef1
     0 | D:1      | 0 ||| qw: Game counter: 987
     0 | D:1      | 0 ||| qw: Always use a shield: true
     0 | D:1      | 0 ||| qw: God list: Okawaru
     0 | D:1      | 0 ||| qw: Allow faded altars: false
     0 | D:1      | 0 ||| qw: Do Orc after D:15 true
     0 | D:1      | 0 ||| qw: Do second Lair branch before Depths: true
     0 | D:1      | 0 ||| qw: Lair rune preference: random
     0 | D:1      | 0 ||| qw: Plans: Normal
     0 | D:1      | 0 ||| PLANNING D:1-11
   391 | D:1      | Reached XP level 2. HP: 17/17 MP: 6/6
   477 | D:1      | Reached skill level 3 in Axes
   596 | D:1      | Found a faded altar of an unknown god.
   676 | D:1      | 676 ||| Stepping ~*~*~tactically~*~*~ (stealth).
  1213 | D:1      | 1213 ||| DROPPING +6 ring of intelligence.
  1214 | D:1      | 1214 ||| READING 2 scrolls labelled DAINWIKH PIURR.
  1215 | D:1      | 1215 ||| READING 2 scrolls labelled HERUMP NYET.
  1218 | D:1      | 1218 ||| READING scroll labelled KUIVAW JYPEBO.
  1219 | D:1      | 1219 ||| READING scroll labelled SOAFET GECU.
  1320 | D:1      | 1320 ||| READING scroll labelled HUISOM LOWO.
  1321 | D:1      | 1321 ||| DROPPING scroll of blinking.
  1373 | D:2      | Identified the +7 dagger of Ogretoz {speed, rF+ rN+ rCorr
                  | Int+3}
  1378 | D:2      | Reached XP level 3. HP: 21/21 MP: 7/7
  1520 | D:2      | Reached skill level 4 in Axes
  1763 | D:2      | 1763 ||| Stepping ~*~*~tactically~*~*~ (hiding).
  1951 | D:2      | 1951 ||| Stepping ~*~*~tactically~*~*~ (stealth).
  1956 | D:2      | 1956 ||| Stepping ~*~*~tactically~*~*~ (stealth).
  1968 | D:2      | 1968 ||| FLEEEEING.
  2247 | D:2      | 2247 ||| UPGRADING to +0 ring mail.
  2257 | D:2      | 2257 ||| DROPPING +0 leather armour.
  2258 | D:2      | 2258 ||| UPGRADING to +0 pair of gloves.
  2263 | D:2      | 2263 ||| READING scroll labelled TICENOUB ELOOM.
  2264 | D:2      | 2264 ||| READING scroll labelled USUATOBLO.
  2265 | D:2      | 2265 ||| READING scroll labelled HEL MAYRPHEEWKUDUTS.
  2323 | D:3      | 2323 ||| Stepping ~*~*~tactically~*~*~ (stealth).
  2355 | D:3      | Noticed Jessica
  2376 | D:3      | Killed Jessica
  2377 | D:3      | Reached skill level 5 in Axes
  2377 | D:3      | Reached XP level 4. HP: 12/26 MP: 8/8
  2564 | D:3      | Noticed a necrophage
  2575 | D:3      | Killed a necrophage
  2576 | D:3      | Gained mutation: Your magical nature lets you fly swiftly
                  | and evasively. [Tengu growth]
  2576 | D:3      | Reached XP level 5. HP: 22/30 MP: 9/9
  2739 | D:3      | 2739 ||| Stepping ~*~*~tactically~*~*~ (stealth).
  2754 | D:3      | HP: 6/30 [poisoned by a kobold]
  2755 | D:3      | 2755 ||| READING 2 scrolls of teleportation.
  2755 | D:3      | HP: 1/30 [poisoned by a kobold]
  2756 | D:3      | Succumbed to a kobold's poison

Levels and vault maps discovered:
D:1:      amcnicky_arrival_flooded_fountain, layout_basic,
          shapermc_ecumenical_altar_acropolis, minmay_misc_feat_alley
D:2:      layout_basic
D:3:      layout_basic, uniq_crazy_yiuf_cottage, uniq_sigmund, uniq_jessica

Skill      XL: |  1  2  3 |
---------------+----------+-----
Axes           | 3 5 |  5.9
Fighting       | |  2.0
Throwing       | |  1.0
Armour         | |  1.1
Dodging        | |  2.1
Spellcasting   | |  2.0
Translocations | |  2.4

Action                   |  1- 3 |  4- 6 || total
-------------------------+-------+-------++-------
Melee: Hand axe          |    74 |    26 ||   100
       Kick              |    22 |     4 ||    26
       Peck              |    10 |     3 ||    13
       Punch             |     1 |       ||     1
       Unarmed           |    14 |       ||    14
Throw: Boomerang         |     7 |       ||     7
  Use: Scroll            |     8 |     1 ||     9
Armor: Leather armour    |     9 |       ||     9
       Skin              |     7 |       ||     7
       Ring mail         |       |     8 ||     8
Dodge: Dodged            |    38 |    10 ||    48

Table legend:
 A = Non-vault XP
 B = Vault XP
 C = Vault XP percentage of total XP
 D = Non-vault monster count
 E = Vault monster count
 F = Vault count percentage of total count
                 A         B        C        D         E       F
            +---------+---------+-------+---------+---------+-------
      Total |     176 |      37 |  17.4 |      49 |       1 |   2.0
            +---------+---------+-------+---------+---------+-------
        D:1 |      28 |       0 |   0.0 |      16 |       0 |   0.0
        D:2 |      46 |       0 |   0.0 |      21 |       0 |   0.0
        D:3 |     102 |      37 |  26.6 |      12 |       1 |   7.7
            +---------+---------+-------+---------+---------+-------
